 Dungeon Crawl Stone Soup version 0.31-a0-848-gaac375c287 (webtiles) character file.

Game seed: 7422042770418621718

7 croobank the Sneak (level 2, -2/21 HPs)
             Began as an Octopode Delver on Oct 4, 2023.
             Slain by an orc
             ... wielding a +0 club
              (6 damage)
             ... on level 4 of the Dungeon.
             The game lasted 00:01:44 (216 turns).

croobank the Sneak (Octopode Delver)                 Turns: 216, Time: 00:01:45

Health: -2/21      AC:  1    Str: 11    XL:     2   Next: 0%
Magic:  2/2        EV: 13    Int: 12    God:
Gold:   28         SH:  0    Dex: 13    Spells: 1/1 levels left

rFire   . . .        d - staff "Vompaupu" {rElec rPois rC+ SInv Poison}
rCold   + + .        (no shield)
rNeg    . . .        (helmet restricted)
rPois   +            (no amulet)
rElec   +            h - ring of protection from cold
rCorr   .            (no ring)
SInv    +            (no ring)
Will    .....        (no ring)
Stlth   ++++         (no ring)
HPRegen 0.23/turn    (no ring)
MPRegen 0.08/turn    (no ring)
                     (no ring)

%: no passive effects
@: hasted, very quick
A: almost no armour, amphibious, 8 rings, camouflage 1, gelatinous body 1,
(nimble swimmer 1), tentacles
a: no special abilities


You were on level 4 of the Dungeon.
You visited 1 branch of the dungeon, and saw 2 of its levels.

You collected 28 gold pieces.

Inventory:

Hand Weapons
 a - a +0 short sword
Missiles
 j - 4 poisoned darts (quivered)
Magical Staves
 d - the staff "Vompaupu" (weapon) {rElec rPois rC+ SInv Poison}
   (You found it on level 4 of the Dungeon)

   [staff of poison]

   Base accuracy: +5 Base damage: 5 Base attack delay: 1.2 This weapon's minimum
   attack delay (0.6) is reached at skill level 12.
   rC+:       It protects you from cold.
   rElec:     It insulates you from electricity.
   rPois:     It protects you from poison SInv: It lets you see invisible.
   Poison:    It increases the power of your Poison spells.
   It falls into the 'Staves' category.
   It is a one-tentacled weapon.
Jewellery
 h - a ring of protection from cold (left tentacle)
Wands
 f - a wand of digging (3)
Scrolls
 b - a scroll of fog
 c - a scroll of revelation
 i - 2 scrolls of teleportation {unknown}
Potions
 g - a potion of might {unknown}


   Skills:
 + Level 3.1 Fighting
 - Level 2.1 Short Blades
 * Level 0.2 Staves
 + Level 2.1 Dodging
 + Level 6.7 Stealth


You had one spell level left.
You didn't know any spells.
Your spell library was empty.

Dungeon Overview and Level Annotations

Branches:
Dungeon (5/15)
 Temple: D:4-7

Altars:
Fedhas
Yredelemnul


Innate Abilities, Weirdness & Mutations

You cannot wear most types of armour.
You are amphibious.
You can wear up to eight rings at the same time.
Your skin changes colour to match your surroundings (Stealth+).
Your rubbery body absorbs attacks. (AC +1, EV +1)
((You are camouflaged when in or above water. (Stealth+)))
You have tentacles for arms and can constrict up to eight enemies at once.


Message History

You see here a +0 leather armour.
You open the door.
An orc comes into view. It is wielding a +0 club.
An orc wizard, 3 orcs and a kobold come into view.
The orc wizard is wielding a +1 dagger of speed.
The kobold is wielding a +0 short sword and quivering poisoned darts.
The kobold shouts!
The orc shouts! x2
The orc hits you with a +0 club. The kobold barely misses you.
There is an open door here.
The orc shouts!
You hit the orc. You grab the orc.
The orc is lightly wounded.
You constrict the orc. The orc barely misses you.
The kobold closely misses you.
Throw: 6 darts (poison)
Press: ? - help, Q - select action Shift-Dir - straight line, f - orc wizard
Aim: an orc wizard, wielding a +1 dagger of speed and wearing a +0 robe (45% to hit)
You throw a poisoned dart.
The poisoned dart barely misses the kobold.
The poisoned dart closely misses the orc wizard.
You constrict the orc.
The kobold hits you with a +0 short sword.
The orc barely misses you. The orc closely misses you.
Throw: 5 darts (poison)
Press: ? - help, Q - select action Shift-Dir - straight line, f/p - orc wizard
Aim: an orc wizard, wielding a +1 dagger of speed and wearing a +0 robe (45% to hit)
You throw a poisoned dart. The poisoned dart hits the kobold.
You constrict the orc.
The kobold hits you with a +0 short sword.
The orc hits you with a +0 club. The orc barely misses you.
You hit the orc.
You kill the orc!
The kobold misses you. The orc hits you with a +0 club.
* * * LOW HITPOINT WARNING * * *
You have reached level 2!
Okay, then.
You feel yourself speed up. The kobold hits you but does no damage.
The orc wizard gestures wildly while chanting.
The orc wizard flickers and vanishes for a moment.
The orc hits you with a +0 club.
You die...

#### ## #... #. #...
#. #... #.
#..o################.
+.oo@...........[..'.
#..K#.##############.
#..o#.....#### #.
#...#####....### #.
#... ######...#####.
#... #...........##.
#... #...........##.
#### #...........##.
#...........###


You could see an orc wizard (invisible), 3 orcs and a kobold.

Vanquished Creatures
  A dart slug (D:4)
  An orc (D:4)
  2 goblins (D:4)
4 creatures vanquished.

Notes
Turn   | Place    | Note
-------+----------+-------------------------------------------
     0 | D:5      | croobank the Octopode Delver began the quest for the Orb.
     0 | D:5      | Reached XP level 1. HP: 16/16 MP: 1/1
     5 | D:5      | Found a basalt altar of Yredelemnul.
    26 | D:5      | Noticed a steam dragon
    27 | D:5      | Found a blossoming altar of Fedhas.
    31 | D:5      | Noticed a black bear
   105 | D:4      | Identified the staff "Vompaupu" {rElec rPois rC+ SInv
                  | Poison}
   171 | D:4      | Noticed an iguana
   211 | D:4      | Noticed an orc wizard
   216 | D:4      | Reached XP level 2. HP: 4/21 MP: 2/2
   216 | D:4      | Slain by an orc

Illustrated notes

Levels and vault maps discovered:
D:4:      layout_basic, kennysheep_mini, kennysheep_okawaru_gauntlet,
          serial_glass, glass_columns_a, glass_columns_b, glass_columns_a,
          glass_columns_a, glass_columns_a, glass_columns_a, glass_columns_a,
          glass_columns_b, due_unseen_surprise, uniq_duvessa
D:5:      layout_basic, mainiacjoe_overflow_boulevard,
          overflow_temple_1_default, nicolae_shop_firing_range,
          uniq_prince_ribbit1

Action                     || total
---------------------------++-------
  Melee: Short sword       ||     7
         Staff             ||     4
         Constrict         ||     3
  Throw: Dart              ||     2
    Use: Scroll            ||     1
         Potion            ||     1
 Armour: Skin              ||    10
  Dodge: Dodged            ||    12

Table legend: (Time is in decaauts)
 A = Elapsed time spent in this place.
 B = Non-inter-level travel time spent in this place.
 C = Inter-level travel time spent in this place.
 D = Time resting spent in this place.
 E = Time spent auto-exploring this place.
 F = Levels seen in this place.
 G = Mean time per level.
                   A        B        C        D        E       F      G
               +--------+--------+--------+--------+--------+-----+--------+
         Total |    214 |    213 |      1 |     16 |    107 |   2 |  107.0 |
       Dungeon |    214 |    213 |      1 |     16 |    107 |   2 |  107.0 |
               +--------+--------+--------+--------+--------+-----+--------+

Top non-repeatable levels by time:
     D:4: 164 daAuts
     D:5: 50 daAuts
